 Dungeon Crawl Stone Soup version 0.31.0-1-g2c135a0 (webtiles) character file.

Game seed: 14604682625891976868

224 maxtrax the Chucker (level 6, -1/44 HPs)
             Began as a Human Wanderer on Mar 6, 2024.
             Was an Elder of Yredelemnul.
             Incinerated by a bombardier beetle (4 damage)
             ... with a burning spray
             ... on level 3 of the Dungeon.
             The game lasted 00:16:35 (2064 turns).

maxtrax the Chucker (Human Wanderer)                Turns: 2064, Time: 00:16:35

Health: -1/44      AC:  7    Str: 16    XL:     6   Next: 0%
Magic:  0/6        EV:  9    Int: 11    God:    Yredelemnul [****..]
Gold:   129        SH:  0    Dex: 12    Spells: 5/5 levels left

rFire   . . .        g - +2 hand axe (flame)
rCold   . . .        (no shield)
rNeg    . . .        d - +0 scale mail
rPois   .            (no helmet)
rElec   .            (no cloak)
rCorr   .            (no gloves)
SInv    .            (no boots)
Will    .....        i - amulet of guardian spirit Stlth
                     (no ring)
HPRegen 0.27/turn    (no ring)
MPRegen 0.10/turn

%: guardian spirit
@: on fire, glowing
A: explore regen
a: Renounce Religion, Recall Undead Harvest, Dark Bargain, Drain Life


You were on level 3 of the Dungeon.
You worshipped Yredelemnul.
Yredelemnul was noncommittal.
You visited 1 branch of the dungeon, and saw 3 of its levels.

You collected 129 gold pieces.

Inventory:

Hand Weapons
 a - a +2 dagger
 g - a +2 hand axe of flaming (weapon)
Missiles
 b - 3 curare-tipped darts (quivered)
 f - 6 boomerangs
 l - a throwing net
Armour
 d - a +0 scale mail (worn)
Jewellery
 i - an amulet of guardian spirit (around neck)
Wands
 q - a wand of mindburst (8)
Scrolls
 c - 2 scrolls of identify {unknown}
 j - a scroll of teleportation {unknown}
 k - 2 scrolls of blinking {unknown}
 s - a scroll of fog {unknown}
Potions
 e - a potion of haste
 h - a potion of ambrosia {unknown}
 m - 3 potions of curing
 n - a potion of cancellation {unknown}
 o - a potion of magic {unknown}
 p - a potion of enlightenment {unknown}
 r - a potion of berserk rage {unknown}


   Skills:
 + Level 2.1 Fighting
 + Level 2.6 Short Blades
 + Level 0.7 Axes
 + Level 4.7 Throwing
 + Level 4.2 Armour
 + Level 1.2 Dodging
 + Level 1.0 Stealth
 + Level 1.0 Invocations


You had 5 spell levels left.
You didn't know any spells.
Your spell library was empty.

Dungeon Overview and Level Annotations

Branches:
Dungeon (3/15)

Altars:
Ashenzari
Nemelex Xobeh
Qazlal
Yredelemnul

Shops:
D:1 (


Innate Abilities, Weirdness & Mutations

You regain HP and MP as you explore.


Message History

The bombardier beetle sprays incendiary fluid at you.
The burning spray hits you.
You are even more covered in liquid fire!
You closely miss the bombardier beetle.
The bombardier beetle is moderately wounded.
The liquid fire burns you!
Your jackal zombie bites the bombardier beetle but does no damage. x2
You hit the bombardier beetle but do no damage.
The bombardier beetle is moderately wounded.
The liquid fire burns you!
Your jackal zombie barely misses the bombardier beetle.
The bombardier beetle bites you.
* * * LOW HITPOINT WARNING * * *
You slash the bombardier beetle! You burn the bombardier beetle.
The bombardier beetle is almost dead.
The liquid fire burns you!
* * * LOW HITPOINT WARNING * * *
Your jackal zombie bites the bombardier beetle.
The bombardier beetle bites you but does no damage.
Your jackal zombie bites the bombardier beetle but does no damage.
You swap places.
You shake off some of the fire as you move.
You can now drain ambient life force.
The liquid fire burns you!
* * * LOW HITPOINT WARNING * * *
Your giant cockroach zombie bites the bombardier beetle but does no damage.
Your jackal zombie barely misses the bombardier beetle.
The bombardier beetle bites your jackal zombie.
There is an open door here.
You swap places.
You shake off some of the fire as you move.
The liquid fire burns you!
* * * LOW HITPOINT WARNING * * *
Your giant cockroach zombie bites the bombardier beetle but does no damage.
Your jackal zombie bites the bombardier beetle but does no damage.
You swap places.
You shake off some of the fire as you move.
The liquid fire burns you!
You die...
Your body rises from the dead as a mindless zombie.

#.# #....#
#.#######....#
#...ZZZ.Z....#
#.#######....# #.#
###'## ### #.#
############.#
#####ZZ##..'ZZZ#.# .#
#.Z@ZZZZZ..#...#Z###
..
..#ZZZZZZZZ..##ZZ#Z#..
.#
#.##Z####+#####ZZ#Z#..
.# ##.##ZZ..#
#..Z#.#Z. # .#
#...#B...# #..Z#.'.Z
## .# #...##..###
####..###.. .#####.##
#...# ..#..##..#Z.#
### ....ZZZ.# #...#
..+..ZZZ.'..# #
#Z.Z..### #...#
..##8ZZ8##..# ..


You could see a bombardier beetle (distracted, ally target), a friendly frilled
lizard zombie, a friendly bat zombie, 3 friendly ball python zombies, 2 friendly
adder zombies, a friendly rat zombie, 3 friendly jackal zombies, 2 friendly
endoplasm zombies, a friendly giant cockroach zombie, a friendly goblin zombie,
a friendly hobgoblin zombie, a friendly orc priest zombie and a friendly orc
wizard zombie.

Vanquished Creatures
  A bombardier beetle (D:3)
  An orc priest (D:3)
  4 adders
  A ribbon worm (D:2)
  2 dart slugs
  An orc (D:3)
  11 ball pythons
  5 bats
  7 endoplasms
  7 giant cockroaches
  3 goblins
  6 hobgoblins
  9 jackals
  3 quokkas
  3 frilled lizards
  8 kobolds
  6 rats
78 creatures vanquished.

Vanquished Creatures (collateral kills)
  An orc wizard (D:3)
  2 jackals (D:2)
  4 ball pythons
  A bat (D:3)
  A frilled lizard (D:1)
  A rat (D:1)
10 creatures vanquished.

Vanquished Creatures (others)
  An adder zombie (D:3)
  A bat zombie (D:2)
  A ball python zombie (D:2)
  A jackal zombie (D:3)
  A kobold zombie (D:3)
  A rat zombie (D:2)
6 creatures vanquished.

Grand Total: 94 creatures vanquished

Notes
Turn   | Place    | Note
-------+----------+-------------------------------------------
     0 | D:1      | maxtrax the Human Wanderer began the quest for the Orb.
     0 | D:1      | maxtrax set off with the following items: a +2 dagger, 3
                  | curare-tipped darts, a +0 short sword, a +0 scale mail, a
                  | potion of haste.
     0 | D:1      | Reached XP level 1. HP: 15/15 MP: 1/1
    95 | D:1      | Reached XP level 2. HP: 6/21 MP: 2/2
   238 | D:1      | Found Hipooski's Weapon Boutique.
   318 | D:1      | Found a faded altar of an unknown god.
   322 | D:1      | Prayed at the altar of an unknown god.
   322 | D:1      | Became a worshipper of Yredelemnul the Dark
   322 | D:1      | Reached * piety under Yredelemnul
   399 | D:1      | Reached XP level 3. HP: 25/26 MP: 3/3
   518 | D:1      | Reached ** piety under Yredelemnul
  1037 | D:2      | Reached XP level 4. HP: 31/32 MP: 4/4
  1146 | D:2      | Found a sparkling altar of Nemelex Xobeh.
  1523 | D:3      | Reached skill level 1 in Dodging
  1523 | D:3      | Reached XP level 5. HP: 14/38 MP: 1/5
  1623 | D:3      | Found a stormy altar of Qazlal.
  1659 | D:3      | Found a broken altar of Ashenzari.
  1938 | D:3      | Reached *** piety under Yredelemnul
  2005 | D:3      | Reached skill level 1 in Stealth
  2051 | D:3      | Reached XP level 6. HP: 44/44 MP: 6/6
  2062 | D:3      | Reached **** piety under Yredelemnul
  2064 | D:3      | Incinerated by a bombardier beetle

Illustrated notes

Levels and vault maps discovered:
D:1:      dpeg_arrival_pits, layout_loops_ring,
          hellmonk_ecumenical_altar_heavens_door, serial_shops,
          nicolae_shop_tiny_real_fake_doors
D:2:      layout_loops_ring, basic_altar
D:3:      minmay_chambers_of_twos, layout_basic, lemuel_round_altar,
          cheibrodos_ashenzari_chains

Skill      XL: |  1  2  3  4  5 |
---------------+----------------+-----
Short Blades   | 2 |  2.6
Dodging        | 1 |  1.2
Armour         | 4 |  4.2
Fighting       | 2 |  2.1
Stealth        | 1 |  1.0
Axes           | |  0.7
Throwing       | |  4.7
Invocations    | |  1.0

Action                     |  1- 3 |  4- 6 || total
---------------------------+-------+-------++-------
  Melee: Dagger            |   155 |    82 ||   237
         Punch             |     1 |     2 ||     3
         Hand axe          |       |    80 ||    80
 Invoke: Recall Undead Har |     1 |       ||     1
    Use: Potion            |     2 |     2 ||     4
   Stab: Distracted        |       |     2 ||     2
 Armour: Scale mail        |   110 |   139 ||   249
  Dodge: Dodged            |    80 |    83 ||   163
